 Dungeon Crawl Stone Soup version 0.27.1-35-g4d5d836560 (webtiles) character file.

Game seed: 9470825156653898856

6811 mcwallace the Cleaver (level 11, -4/99 HPs)
             Began as a Hill Orc Fighter on Feb 19, 2022.
             Slain by a seven-headed hydra (9 damage)
             ... on level 12 of the Dungeon.
             The game lasted 00:18:01 (12793 turns).

mcwallace the Cleaver (Hill Orc Fighter)           Turns: 12793, Time: 00:18:02

Health: -4/99      AC: 20    Str: 29    XL:     11   Next: 5%
Magic:  11/11      EV:  8    Int:  8    God:
Gold:   635        SH: 12    Dex: 10    Spells: 10/10 levels left

rFire    + . .     SeeInvis .   E - +5 long sword (freeze) {long}
rCold    . . .     Faith    .   c - +0 kite shield
rNeg     . . .     Spirit   .   M - +0 plate armour {rF+}
rPois    .         Reflect  .   P - +0 helmet
rElec    .         Harm     .   N - +0 cloak
rCorr    .         Rampage  .   (no gloves)
Will     .....                  (no boots)
Stlth    ..........             (no amulet)
HPRegen  0.26/turn              v - +6 ring of strength
MPRegen  0.12/turn              w - +4 ring of protection

@: no status effects
A: no striking features
a: no special abilities


You were on level 12 of the Dungeon.
You visited 2 branches of the dungeon, and saw 13 of its levels.

You collected 635 gold pieces.


   Skills:
 + Level 9.7 Fighting
 + Level 10.2 Axes
 + Level 9.0 Armour
 + Level 5.5 Dodging
 + Level 9.0 Shields


You had 10 spell levels left.
You didn't know any spells.
Your spell library contained the following spells:

 Spells                   Type           Power      Damage    Failure   Level
 Blink                    Tloc           N/A        N/A       100%        2
 Static Discharge         Conj/Air       0%         N/A       100%        2
 Gell's Gravitas          Tloc           0%         N/A       100%        3
 Lesser Beckoning         Tloc           0%         N/A       100%        3
 Teleport Other           Tloc           0%         N/A       100%        3
 Dispel Undead            Necr           0%         3d6       100%        4
 Sticky Flame             Conj/Fire      0%         2d3       100%        4
 Manifold Assault         Tloc           0%         N/A       100%        5
 Dispersal                Tloc           0%         N/A       100%        6

Inventory:

Hand Weapons
 a - a +0 war axe {axe}
 d - a +2 vorpal flail {mace}
   (You took it off a wight on level 5 of the Dungeon)
 E - a +5 long sword of freezing (weapon) {long}
   (You took it off a wight on level 5 of the Dungeon)
 H - a +2 scimitar of flaming {long}
   (You took it off Erica on level 8 of the Dungeon)
Missiles
 e - 217 stones {throwing}
 k - 42 sling bullets
 r - 65 bolts
 u - 4 poisoned darts {throwing}
 y - 11 boomerangs {throwing}
 A - 81 arrows
Armour
 c - a +0 kite shield (worn)
 h - a +0 plate armour
   (You found it on level 1 of the Dungeon)
 C - a +0 tower shield
   (You found it on level 5 of the Dungeon)
 M - a +0 plate armour of fire resistance (worn)
   (You took it off an orc warrior on level 9 of the Dungeon)
 N - a +0 cloak (worn)
   (You found it on level 9 of the Dungeon)
 P - a +0 helmet (worn)
   (You found it on level 9 of the Dungeon)
Jewellery
 b - a ring of ice
   (You found it on level 6 of the Dungeon)
 v - a +6 ring of strength (left hand)
   (You found it on level 4 of the Dungeon)
 w - a +4 ring of protection (right hand)
   (You took it off a kobold on level 4 of the Dungeon)
 R - a +4 ring of protection
   (You found it on level 10 of the Dungeon)
Wands
 x - a wand of flame (17)
   (You found it on level 4 of the Dungeon)
 z - a wand of charming (9)
   (You found it on level 5 of the Dungeon)
 I - a wand of mindburst (9) (quivered)
   (You found it on level 8 of the Dungeon)
 L - a wand of iceblast (13)
   (You took it off an orc on level 9 of the Dungeon)
 S - a wand of polymorph (7)
   (You found it on level 13 of the Dungeon)
Scrolls
 f - 4 scrolls of magic mapping {!r}
 g - 3 scrolls of torment {!r}
 l - 2 scrolls of enchant armour {unknown}
 o - 2 scrolls of teleportation {@r4}
 q - 2 scrolls of enchant weapon {unknown}
 t - 3 scrolls of amnesia
 F - a scroll of holy word {unknown}
 G - a scroll of vulnerability {unknown}
 O - a scroll of immolation {unknown}
 Q - 3 scrolls of identify {@r1}
Potions
 i - a potion of brilliance {unknown}
 j - 2 potions of attraction {!q}
 m - a potion of heal wounds {unknown}
 n - a potion of flight {unknown}
 p - 2 potions of haste {unknown}
 s - a potion of curing {@q1}
 B - a potion of ambrosia {unknown}
 D - a potion of cancellation {unknown}
 J - a potion of might
Miscellaneous
 K - a phial of floods
   (You found it on level 9 of the Dungeon)

Dungeon Overview and Level Annotations

Branches:
Dungeon (14/15)            Temple (1/1) D:4             Orc (0/2) D:9
   Lair: D:8-11      Vaults: D:13-14

Altars:
Cheibriados
Dithmenos
Elyvilon
Fedhas
Gozag
Kikubaaqudgha
Nemelex Xobeh
Okawaru
Qazlal
Ru
Trog
Uskayaw
Vehumet
Wu Jian
Xom
Yredelemnul
Zin

Shops:
D:3 :

Annotations:
D:5 1 runed translucent door, Crazy Yiuf

.......
.........
.........
...... .....
#..# #
####.C###.###
#.....D@'...+
#....ooo#...#
##.....## .##
#..o.o# #
#......+
#.......#
#......##
#.......
##.##...#


You could see a seven-headed hydra, a cyclops, 2 orc wizards and 3 orcs.


Message History

The brown ugly thing basks in the mutagenic energy from its kin and changes! 😕 HP[+1]
A cyclops comes into view.
The cyclops shouts!
The boulder beetle leaps! 😕 HP[+1]
A white ugly thing comes into view.
A cyclops comes into view.
Found a stone staircase leading up.
A hog comes into view.
The hog squeals angrily.
You enter the shallow water.
Moving in this stuff is going to be slow.
The white ugly thing tentacle-slaps you but does no damage. 😕 HP[+1]
A white ugly thing comes into view. 😕 HP[+1]
You barely miss the hog.
The white ugly thing gurgles horribly!
You hear a shout!
The white ugly thing splashes around in the water.
You block the hog's attack.
The white ugly thing tentacle-slaps you but does no damage.
The white ugly thing basks in the mutagenic energy from its kin and changes! 😕 HP[+1] Why would you want to do that?
You slash the hog! You freeze the hog. The hog bites you!
The deep elf pyromancer gestures wildly while chanting.
The deep elf pyromancer blinks!
You block the hog's attack.
The deep elf pyromancer mumbles some strange words. 😕 HP[-7]
You take 7 damage, and now have 88/99 hp.
You slash the hog! You freeze the hog.
You kill the hog!
The hog's shape twists and changes as it dies.
You block the white ugly thing's attack.
Your Shields skill increases to level 9!
The white ugly thing basks in the mutagenic energy from its kin and changes!
The deep elf pyromancer mumbles some strange words.
The deep elf pyromancer blinks!
You see here a shapeshifter corpse. 😕 HP[+1]
There is a stone staircase leading up here.
You climb upwards.
Found 4 gold pieces.
Found a stone staircase leading up.
There is a stone staircase leading down here. 😕 HP[+1]
You completely miss the white ugly thing.
The white ugly thing tail-slaps you. The white ugly thing freezes you!!
The white ugly thing tail-slaps you but does no damage. 😮 HP[-33]
You take 33 damage, and now have 57/99 hp.
MASSIVE DAMAGE!! (PAUSE)
The white ugly thing tail-slaps you but does no damage.
You block the white ugly thing's attack. 😮 HP[+1]
There is a stone staircase leading up here.
The white ugly thing tail-slaps you. The white ugly thing freezes you!!
* * * LOW HITPOINT WARNING * * *
You climb upwards.
You feel a wave of frost pass over you.
There is an entrance to an ice cave on this level.
Hurry and find it before the portal melts!
There is a stone staircase leading down here. 😱 HP[-35]
You take 35 damage, and now have 23/99 hp.
MASSIVE DAMAGE!! (PAUSE)
Okay, then.
As you read the scroll of teleportation {@r4}, it crumbles to dust.
You feel strangely unstable.
The white ugly thing barely misses you. 😱 HP[+1]
You barely miss the white ugly thing.
Your surroundings suddenly seem different.
A hydra, 3 orcs and 2 orc wizards come into view.
An orc wizard is wielding a +1 dagger of venom.
An orc wizard is wielding a +0 dagger and wearing a +0 robe of the Archmagi.
The seven-headed hydra roars!
The orc wizard shouts!
The orc shouts!
The orc wizard shouts!
You hear a shout!
You block the seven-headed hydra's attack.
The seven-headed hydra bites you but does no damage. x2
You block the seven-headed hydra's attack.
The seven-headed hydra barely misses you.
You block the seven-headed hydra's attack.
The seven-headed hydra bites you but does no damage.
The orc wizard gestures at you while chanting.
The magic dart hits you but does no damage.
A cyclops comes into view. 😨 HP[+1]
A vampire mosquito comes into view.
The vampire mosquito buzzes angrily.
You hear an angry buzzing noise.
You open the door. The orc hits you with a +0 morningstar.
* * * LOW HITPOINT WARNING * * *
The seven-headed hydra completely misses you.
You riposte.
You slash the seven-headed hydra! You freeze the seven-headed hydra.
The seven-headed hydra bites you.
* * * LOW HITPOINT WARNING * * *
You block the seven-headed hydra's attack.
The seven-headed hydra bites you!
* * * LOW HITPOINT WARNING * * *
The seven-headed hydra bites you.
* * * LOW HITPOINT WARNING * * *
The seven-headed hydra bites you!
You die...

Skill      XL: |  1  2  3  4  5  6  7  8  9 10 11 |
---------------+----------------------------------+-----
Axes           | 3 4 5 6 7 9 10 | 10.2
Fighting       | 4 5 6 7 8 9 |  9.7
Armour         | 4 5 6 8 9 |  9.0
Shields        | 4 5 6 7 8 9 |  9.0
Dodging        | 1 3 4 5 |  5.5

Action                   |  1- 3 |  4- 6 |  7- 9 | 10-12 || total
-------------------------+-------+-------+-------+-------++-------
Melee: War axe           |    92 |   113 |   114 |       ||   319
       Long sword        |       |       |   101 |   265 ||   366
       Flail             |       |       |     8 |       ||     8
Throw: Throwing net      |       |     3 |       |       ||     3
       Dart              |       |       |     4 |       ||     4
Evoke: Wand              |       |       |       |     4 ||     4
  Use: Scroll            |       |       |     7 |     2 ||     9
       Potion            |       |       |     3 |     2 ||     5
 Stab: Held in net/web   |       |     1 |       |       ||     1
Armor: Scale mail        |    23 |       |       |       ||    23
       Plate armour      |    30 |    74 |   118 |   188 ||   410
Dodge: Dodged            |    15 |    14 |    56 |    81 ||   166
Block: Kite shield       |    44 |    49 |   159 |   224 ||   476
       Rpst.: Long sword |       |       |     8 |    23 ||    31

Levels and vault maps discovered:
D:1:      nzn_arrival_depleted_hourglass, layout_basic, basic_ecumenical_altar,
          minivault_19
D:2:      layout_loops_ring
D:3:      layout_basic, serial_shops, shop, kennysheep_generic_room_7
D:4:      layout_rooms, kennysheep_okawaru_gauntlet,
          minmay_temple_entry_junction
D:5:      layout_loops_ring, mainiacjoe_overflow_catwalk,
          serial_co_window_serial, co_window_of_opportunity_a,
          co_window_corner_a, co_window_paths_a, co_window_paths_b,
          co_window_paths_a, co_window_broadway_c, co_window_corner_b,
          co_window_2corner, co_window_2corner, co_window_2corner,
          co_window_paths_d, glass_columns_a, glass_columns_b, glass_columns_c,
          uniq_blork_the_orc, uniq_crazy_yiuf_cottage
D:6:      layout_loops_ring, grunt_temple_overflow_gold_and_silver,
          corexii_item_surrounded_by_moat, uniq_pikel
D:8:      layout_rooms, amcnicky_altar_gilded,
          mainiacjoe_overflow_cross_hatched, nicolae_ossuary_entry_catacombs,
          nrook_pool_corridor, uniq_erica
D:9:      layout_roguey, kennysheep_mini, david_orc_1_choice, roderic_lattice_a,
          hangedman_glass_teeth
D:10:     layout_irregular_city, nicolae_ashenzari_panopticon, demons_altar,
          mainiacjoe_overflow_surrounded_room, serial_shops, shop_coins,
          grunt_ministairs_10, uniq_nergalle
D:12:     layout_gridville, portal_ice_cave_demonic_guard
D:13:     layout_roguey, serial_shops, shop
D:14:     layout_loops_ring, grunt_vaults_entry_tiered,
          maelrawn_ghost_gauntlet_escape, infiniplex_staircase_pool_1,
          gauntlet_entry_generic
Temple:   eino_temple_lava

Notes
Turn   | Place    | Note
-------+----------+-------------------------------------------
     0 | D:1      | mcwallace the Hill Orc Fighter began the quest for the Orb.
     0 | D:1      | Reached XP level 1. HP: 19/19 MP: 1/1
     0 | D:1      | magus.rc [v1.9.6]
   201 | D:1      | Reached skill level 3 in Axes
   201 | D:1      | Reached XP level 2. HP: 25/27 MP: 2/2
   343 | D:1      | Found a faded altar of an unknown god.
   928 | D:2      | Reached skill level 4 in Fighting
   928 | D:2      | Reached XP level 3. HP: 21/33 MP: 3/3
  2029 | D:3      | Reached XP level 4. HP: 35/40 MP: 4/4
  2120 | D:3      | Found Jiyruho's Book Shoppe.
  2189 | D:3      | Reached skill level 4 in Armour
  2189 | D:3      | Reached skill level 4 in Shields
  2742 | D:3      | Reached skill level 4 in Axes
  2922 | D:3      | Reached XP level 5. HP: 46/47 MP: 5/5
  3363 | D:4      | Noticed an ogre
  3372 | D:4      | Found a staircase to the Ecumenical Temple.
  3381 | D:4      | HP: 3/47 [ogre (16)]
  4011 | D:4      | Killed an ogre
  4019 | Temple   | Entered the Ecumenical Temple
  4123 | D:4      | Noticed an ogre
  4133 | D:4      | Killed an ogre
  4134 | D:4      | Reached skill level 5 in Fighting
  4134 | D:4      | Reached XP level 6. HP: 29/56 MP: 6/6
  4283 | D:4      | You pick up a book of Spatial Translocations and begin
                  | reading...
  4283 | D:4      | You add the spells Blink, Lesser Beckoning and Manifold
                  | Assault to your library.
  4586 | D:4      | Found an iron altar of Okawaru.
  4621 | D:5      | Entered Level 5 of the Dungeon
  4683 | D:5      | Noticed Blork the orc
  4693 | D:5      | Killed Blork the orc
  4694 | D:5      | Reached skill level 5 in Axes
  4901 | D:5      | Reached skill level 5 in Armour
  5192 | D:5      | Noticed an orc warrior
  5201 | D:5      | Killed an orc warrior
  5202 | D:5      | Reached skill level 5 in Shields
  5202 | D:5      | Reached XP level 7. HP: 32/61 MP: 7/7
  5415 | D:5      | Found an ancient bone altar of Kikubaaqudgha.
  5467 | D:5      | Found a runed translucent door.
  5468 | D:5      | Noticed Crazy Yiuf
  5741 | D:5      | Reached skill level 1 in Dodging
  6615 | D:6      | Reached skill level 6 in Fighting
  6620 | D:6      | HP: 8/63 [ogre (10)]
  6623 | D:6      | Reached skill level 6 in Axes
  6962 | D:6      | Reached XP level 8. HP: 70/70 MP: 8/8
  7008 | D:6      | Reached skill level 2 in Dodging
  7049 | D:6      | You add the spells Gell's Gravitas, Teleport Other and
                  | Dispersal to your library.
  7098 | D:6      | Found an opulent altar of Gozag.
  7098 | D:6      | Found a glowing silver altar of Zin.
  7188 | D:6      | Reached skill level 6 in Armour
  7200 | D:6      | Reached skill level 6 in Shields
  7901 | D:6      | Reached skill level 7 in Axes
  7903 | D:6      | Reached skill level 7 in Fighting
  8023 | D:6      | Reached skill level 3 in Dodging
  8023 | D:6      | Reached XP level 9. HP: 64/79 MP: 9/9
  8104 | D:6      | Noticed Pikel
  8118 | D:6      | Killed Pikel
  8119 | D:6      | Reached skill level 7 in Armour
  8119 | D:6      | Reached skill level 7 in Shields
  8436 | D:6      | You fall into a shaft and drop 2 floors!
  8450 | D:8      | Reached skill level 8 in Axes
  8450 | D:8      | Found a radiant altar of Vehumet.
  8517 | D:8      | Noticed Erica
  8553 | D:8      | Reached skill level 8 in Fighting
  8556 | D:8      | HP: 19/81 [something (9)]
  8563 | D:9      | HP: 12/81 [yak (8)]
  8565 | D:9      | Reached skill level 4 in Dodging
  9129 | D:8      | Killed Erica
  9130 | D:8      | Reached skill level 9 in Axes
  9130 | D:8      | Reached skill level 8 in Armour
  9130 | D:8      | Reached XP level 10. HP: 56/90 MP: 10/10
  9137 | D:8      | Reached skill level 8 in Shields
  9167 | D:9      | HP: 16/90 [poisoned by a killer bee]
  9770 | D:8      | Reached skill level 9 in Fighting
  9957 | D:8      | Found a sacrificial altar of Ru.
 10034 | D:8      | Paralysed by a hornet for 3 turns
 10041 | D:8      | HP: 20/91 [hornet (4)]
 10576 | D:9      | Reached skill level 5 in Dodging
 10717 | D:9      | Found a basalt altar of Yredelemnul.
 11460 | D:9      | Found a staircase to the Orcish Mines.
 11503 | D:9      | Reached skill level 10 in Axes
 11933 | D:9      | You pick up a book of Touch and begin reading...
 11933 | D:9      | You add the spells Static Discharge, Sticky Flame and
                  | Dispel Undead to your library.
 11965 | D:9      | Reached XP level 11. HP: 62/97 MP: 11/11
 12353 | D:10     | Entered Level 10 of the Dungeon
 12408 | D:10     | Reached skill level 9 in Armour
 12712 | D:10     | You fall into a shaft and drop 3 floors!
 12723 | D:13     | Noticed a deep elf pyromancer
 12747 | D:13     | Noticed a boulder beetle
 12755 | D:14     | Noticed a white ugly thing
 12755 | D:14     | Noticed a white ugly thing
 12762 | D:14     | Noticed a cyclops
 12766 | D:14     | Noticed a white ugly thing
 12766 | D:14     | Noticed a cyclops
 12771 | D:14     | Noticed a white ugly thing
 12776 | D:14     | Reached skill level 9 in Shields
 12784 | D:13     | HP: 23/99 [white ugly thing (31)]
 12789 | D:12     | Noticed a seven-headed hydra
 12789 | D:12     | Identified a +0 robe of the Archmagi
 12789 | D:12     | Noticed a cyclops
 12793 | D:12     | HP: 23/99 [orc (2)]
 12793 | D:12     | HP: 8/99 [seven-headed hydra (10)]
 12793 | D:12     | Slain by a seven-headed hydra

Vanquished Creatures
  Erica (D:8)
  Pikel (D:6)
  A hornet (D:8)
  A wraith (D:9)
  A vampire (D:9)
  A wyvern (D:9)
  A hog (shapeshifter) (D:14)
  9 yaks
  3 water moccasins
  An ice beast (D:6)
  8 orc warriors
  2 sky beasts (D:6)
  2 necrophages
  5 ogres
  3 centaurs
  A lemure (D:6)
  Blork the orc (D:5)
  An elf zombie (D:8)
  A scorpion (D:6)
  2 elf skeletons (D:8)
  6 killer bees
  4 wights
  An electric eel (D:8)
  3 howler monkeys
  A bullfrog zombie (D:6)
  3 orc priests
  2 gnoll shamans
  A human zombie (D:8)
  A hound (D:6)
  2 human skeletons (D:8)
  4 orc wizards
  A bullfrog skeleton (D:6)
  A howler monkey zombie (D:5)
  6 gnolls
  A howler monkey skeleton (D:5)
  6 adders
  A dart slug (D:2)
  24 orcs
  2 ball pythons
  3 bats
  4 endoplasms
  2 giant cockroaches
  7 goblins
  3 hobgoblins
  3 jackals (D:1)
  A quokka (D:3)
  3 frilled lizards
  7 kobolds
  6 rats
155 creatures vanquished.

Table legend:
 A = Non-vault XP
 B = Vault XP
 C = Vault XP percentage of total XP
 D = Non-vault monster count
 E = Vault monster count
 F = Vault count percentage of total count
                 A         B        C        D         E       F
            +---------+---------+-------+---------+---------+-------
      Total |    6723 |    3008 |  30.9 |     128 |      26 |  16.9
            +---------+---------+-------+---------+---------+-------
        D:1 |      23 |       0 |   0.0 |      12 |       0 |   0.0
        D:2 |      45 |       0 |   0.0 |      12 |       0 |   0.0
        D:3 |     102 |       5 |   4.7 |      20 |       3 |  13.0
        D:4 |     255 |       0 |   0.0 |       8 |       0 |   0.0
        D:5 |     531 |     100 |  15.8 |      14 |       1 |   6.7
        D:6 |    1633 |     673 |  29.2 |      22 |       1 |   4.3
        D:8 |    1461 |    1398 |  48.9 |      13 |       9 |  40.9
        D:9 |    2473 |     684 |  21.7 |      26 |      10 |  27.8
       D:10 |       0 |     148 | 100.0 |       0 |       2 | 100.0
       D:14 |     200 |       0 |   0.0 |       1 |       0 |   0.0
            +---------+---------+-------+---------+---------+-------

Illustrated notes

Table legend:
 A = Kills in this place as a percentage of kills in entire the game.
 B = Kills by you in this place as a percentage of kills by you in the entire game.
 C = Kills by friends in this place as a percentage of kills by friends in the entire game.
 D = Other kills in this place as a percentage of other kills in the entire game.
 E = Experience gained in this place as a percentage of experience gained in the entire game.
 F = Experience gained in this place divided by the number of levels of this place that you have seen.
                   A       B       C       D       E      F
               +-------+-------+-------+-------+-------+----------------------
         Total | 100.0 | 100.0 |   N/A |   N/A | 100.0 | 748.5
       Dungeon | 100.0 | 100.0 |   N/A |   N/A | 100.0 | 810.9
               +-------+-------+-------+-------+-------+----------------------

Table legend: (Time is in decaauts)
 A = Elapsed time spent in this place.
 B = Non-inter-level travel time spent in this place.
 C = Inter-level travel time spent in this place.
 D = Time resting spent in this place.
 E = Time spent auto-exploring this place.
 F = Levels seen in this place.
 G = Mean time per level.
                   A        B        C        D        E       F      G
               +--------+--------+--------+--------+--------+-----+--------+
         Total |  13199 |  12521 |    678 |   2221 |   8029 |  13 | 1015.3 |
       Dungeon |  13125 |  12447 |    678 |   2221 |   7965 |  12 | 1093.8 |
        Temple |     73 |     73 |      0 |      0 |     64 |   1 |   73.0 |
               +--------+--------+--------+--------+--------+-----+--------+

Top non-repeatable levels by time:
     D:9: 2712 daAuts
     D:5: 2080 daAuts
     D:6: 1839 daAuts
     D:3: 1736 daAuts
     D:8: 1429 daAuts
     D:2: 1248 daAuts
     D:1: 938 daAuts
     D:4: 718 daAuts
    D:10: 333 daAuts
  Temple: 73 daAuts
    D:13: 51 daAuts
    D:14: 28 daAuts
    D:12: 8 daAuts
